 Dungeon Crawl Stone Soup version 0.28.0-43-g3370ac3207 (webtiles) character file.

Game seed: 5180662102307196044

3695 croobank the Cleaver (level 10, -7/90 HPs)
             Began as a Hill Orc Fighter on Mar 30, 2022.
             Was a Believer of Beogh.
             Mangled by a very large slime creature (47 damage)
             ... on level 7 of the Dungeon.
             The game lasted 00:24:27 (9259 turns).

croobank the Cleaver (Hill Orc Fighter)             Turns: 9259, Time: 00:24:28

Health: -7/90      AC: 20    Str: 24    XL:     10   Next: 13%
Magic:  10/10      EV:  9    Int:  8    God:    Beogh [**....]
Gold:   406        SH:  6    Dex: 10    Spells: 9/9 levels left

rFire   + . .      SeeInvis +   a - +1 war axe
rCold   + . .      Faith    .   c - +1 buckler
rNeg    . . .      Spirit   .   G - +8 scale mail "Heci" {Will+}
rPois   .          Reflect  .   w - +2 helmet {SInv}
rElec   .          Harm     .   l - scarf {rC+ rF+}
rCorr   .          Rampage  .   (no gloves)
Will    +....                   E - +0 pair of boots
Stlth   ..........              (no amulet)
HPRegen 0.25/turn               (no ring)
MPRegen 0.12/turn               (no ring)

@: no status effects
A: no striking features
a: Renounce Religion, Smiting


You were on level 7 of the Dungeon.
You worshipped Beogh.
Beogh was pleased with you.
You visited 1 branch of the dungeon, and saw 8 of its levels.

You collected 406 gold pieces.

Inventory:

Hand Weapons
 a - a +1 war axe (weapon)
 b - a +2 hunting sling of flaming
 d - a +3 quarterstaff of chaos
 v - a +2 dagger of speed
 K - a +2 scimitar
Missiles
 e - 2 curare-tipped darts (quivered)
 g - 22 poisoned darts
 i - 119 bolts
 j - 119 arrows
 n - 3 atropa-tipped darts
 p - 314 stones
 q - 58 sling bullets
 s - 9 boomerangs
 u - 2 throwing nets
Armour
 c - a +1 buckler (worn)
 l - a scarf of resistance (worn)
 t - a +0 scale mail
 w - a +2 helmet of see invisible (worn)
 z - a +0 plate armour
 E - a +0 pair of boots (worn)
 G - the +8 scale mail "Heci" (worn) {Will+}
   (You found it on level 6 of the Dungeon)

   Will:      It increases your willpower.
 J - a +0 kite shield
Jewellery
 N - an amulet of magic regeneration
Wands
 y - a wand of polymorph (9)
Scrolls
 h - 2 scrolls of magic mapping
 k - a scroll of immolation
 m - 4 scrolls of teleportation
 x - a scroll of vulnerability
 I - a scroll of fog
 M - 2 scrolls of identify
Potions
 f - 2 potions of curing
 o - a potion of ambrosia
 r - 2 potions of mutation {unknown}
 A - 3 potions of heal wounds
 B - a potion of cancellation {unknown}
 C - 2 potions of resistance
 D - 4 potions of might
 F - a potion of haste {unknown}
 H - a potion of attraction {unknown}
 L - a potion of berserk rage {unknown}


   Skills:
 + Level 8.6 Fighting
 + Level 8.8 Axes
 + Level 5.4 Slings
 + Level 7.8 Armour
 + Level 7.8 Shields


You had 9 spell levels left.
You didn't know any spells.
Your spell library contained the following spells:

 Spells                   Type           Power      Damage    Failure   Level
 Confusing Touch          Hex            0%         N/A       98%         3
 Summon Ice Beast         Ice/Summ       0%         N/A       100%        4
 Summon Mana Viper        Hex/Summ       0%         N/A       100%        5
 Yara's Violent Unravell  Hex/Tmut       0%         3d3       100%        5
 Enfeeble                 Hex            0%         N/A       100%        7
 Monstrous Menagerie      Summ           0%         N/A       100%        7


Dungeon Overview and Level Annotations

Branches:
Dungeon (8/15)             Temple (0/1) D:5
   Lair: D:8-11

Altars:
Dithmenos
Elyvilon
Ru
Trog
Uskayaw
Vehumet
Zin

Shops:
D:7 [

Annotations:
D:7 2 transporters, porpoise's ghost, novice DjFE


Message History

A kobold comes into view. It is wielding a +0 whip.
There is a stone staircase leading up here.
The jelly hits you but does no damage. The slime creature hits you. x2
You block the kobold's attack.
You climb upwards.
Level annotation: 2 transporters, porpoise's ghost, novice DjFE
There is a stone staircase leading down here.
You slash the large slime creature!
The large slime creature is lightly wounded.
You slash the jelly!
Your hands burn!
The large slime creature hits you! The jelly barely misses you.
You slash the large slime creature!
The large slime creature is lightly wounded.
You slash the jelly!
You kill the jelly!
Beogh accepts your kill.
The large slime creature hits you but does no damage.
You slash the large slime creature!
The large slime creature is moderately wounded.
You hit the slime creature.
The large slime creature closely misses you.
The slime creature hits you but does no damage.
Two slime creatures merge to form a very large slime creature.
You hit the very large slime creature but do no damage.
The very large slime creature is lightly wounded.
You barely miss the slime creature.
The slime creature hits you but does no damage.
The very large slime creature hits you but does no damage.
You hit the very large slime creature.
The very large slime creature is lightly wounded.
You slash the slime creature!
The slime creature hits you but does no damage.
The very large slime creature hits you!!
The slime creature hits you but does no damage.
You slash the very large slime creature!
The very large slime creature is moderately wounded.
You barely miss the slime creature.
The very large slime creature hits you!!!
Ouch! That really hurt!
You die...

#.##.# #.##.######
#.##......#
#.#######.#
#.#####.#.#
#####.......#.#
..........#.#.#
#########.#.#.#######
.....†......#.##@J..#
#############.##J####
###...#..#..#.##K###
..##..#..#..#..)K..#
...###.##.######.#.#
....#.#..#..# #.#.#
....###.)#..# #.#.#
.....####.###
#.#.##########
.....##..#..#
#.#..........#


You could see a very large slime creature, a slime creature and 2 kobolds.

Vanquished Creatures
  2 slime creatures (D:7)
  Sigmund (D:5)
  A shadow (D:6)
  A yak (D:7)
  Menkaure (D:4)
  A sky beast (D:7)
  An ice beast (D:5)
  A black bear (D:7)
  2 ogres
  4 centaurs
  2 necrophages
  A phantom (D:4)
  A kobold brigand (D:7)
  6 bullfrogs
  3 gnoll sergeants (D:7)
  A scorpion (D:5)
  A water moccasin zombie (D:7)
  A water moccasin skeleton (D:4)
  A wight (D:7)
  3 hounds (D:6)
  A centaur skeleton (D:5)
  An orc priest (D:5)
  Crazy Yiuf (D:3)
  2 bullfrog skeletons (D:5)
  3 jellies
  2 gnoll shamans (D:7)
  An iguana (D:6)
  Natasha (thrice) (D:4)
  4 orc wizards
  3 killer bee zombies
  2 hound skeletons (D:5)
  Robin (D:3)
  7 gnolls
  A howler monkey zombie (D:6)
  A howler monkey skeleton (D:7)
  An adder (D:5)
  4 white imps
  An ufetubus (D:6)
  3 worms
  2 dart slugs
  12 orcs
  7 ball pythons
  11 endoplasms
  3 giant cockroaches
  10 goblins
  9 hobgoblins
  3 jackals (D:5)
  16 kobolds
  3 quokkas
  7 bats
  4 frilled lizards
  5 rats
169 creatures vanquished.

Vanquished Creatures (others)
  An orc (D:4)
  A butterfly (D:3)
  A plant (D:1)
3 creatures vanquished.

Grand Total: 172 creatures vanquished

Notes
Turn   | Place    | Note
-------+----------+-------------------------------------------
     0 | D:1      | croobank the Hill Orc Fighter began the quest for the Orb.
     0 | D:1      | Reached XP level 1. HP: 19/19 MP: 1/1
   186 | D:1      | Reached XP level 2. HP: 23/27 MP: 2/2
   607 | D:1      | Reached XP level 3. HP: 33/33 MP: 3/3
   745 | D:1      | Found a faded altar of an unknown god.
  1397 | D:2      | Reached XP level 4. HP: 30/40 MP: 4/4
  2284 | D:3      | Reached XP level 5. HP: 44/47 MP: 5/5
  2346 | D:3      | Found a runed translucent door.
  2347 | D:3      | Noticed Crazy Yiuf
  2353 | D:3      | Killed Crazy Yiuf
  2354 | D:3      | Reached skill level 1 in Slings
  2650 | D:3      | Found a white marble altar of Elyvilon.
  3122 | D:3      | Noticed Robin
  3127 | D:3      | Killed Robin
  3698 | D:4      | Noticed a phantom
  3711 | D:4      | Killed a phantom
  3712 | D:4      | Reached skill level 5 in Fighting
  3712 | D:4      | Reached XP level 6. HP: 47/56 MP: 6/6
  3760 | D:4      | Noticed Menkaure
  3773 | D:4      | Killed Menkaure
  4060 | D:4      | Became a worshipper of Beogh the Brigand
  4071 | D:4      | Reached XP level 7. HP: 60/61 MP: 7/7
  4139 | D:4      | Reached skill level 5 in Axes
  4206 | D:4      | Found a sacrificial altar of Ru.
  4210 | D:4      | Found a shadowy altar of Dithmenos.
  4211 | D:4      | Found a bloodstained altar of Trog.
  4212 | D:4      | Noticed Natasha
  4220 | D:4      | Killed Natasha
  4221 | D:4      | Reached skill level 5 in Armour
  4340 | D:4      | Noticed Natasha
  4345 | D:4      | Killed Natasha
  4346 | D:4      | Reached skill level 5 in Shields
  4466 | D:4      | Noticed Natasha
  4475 | D:4      | Killed Natasha
  4769 | D:5      | Entered Level 5 of the Dungeon
  5260 | D:5      | Noticed Sigmund
  5280 | D:5      | Killed Sigmund
  5281 | D:5      | Reached XP level 8. HP: 57/70 MP: 8/8
  5348 | D:5      | Found a staircase to the Ecumenical Temple.
  5906 | D:5      | Found a radiant altar of Vehumet.
  6221 | D:5      | Reached * piety under Beogh
  6366 | D:6      | Identified the +8 scale mail "Heci" {Will+}
  6622 | D:6      | Noticed a shadow
  6626 | D:6      | Killed a shadow
  6627 | D:6      | Reached XP level 9. HP: 75/79 MP: 9/9
  7361 | D:7      | Noticed porpoise's ghost (novice DjFE)
  7783 | D:7      | Reached ** piety under Beogh
  7931 | D:7      | Found a hide-covered altar of Uskayaw.
  7960 | D:7      | Found a glowing silver altar of Zin.
  8101 | D:7      | Found a transporter.
  8387 | D:7      | Found a transporter.
  8478 | D:7      | Reached skill level 5 in Slings
  8784 | D:7      | Found Loyt's Armour Emporium.
  8816 | D:7      | Reached XP level 10. HP: 58/89 MP: 10/10
  9259 | D:7      | Mangled by a very large slime creature

Illustrated notes

Levels and vault maps discovered:
D:1:      dpeg_arrival_rhombi, layout_loops_ring,
          hellmonk_ecumenical_altar_lost_god, serial_forest,
          infiniplex_forest_lined_2, infiniplex_forest_clump_long,
          infiniplex_forest_straight_3, infiniplex_forest_zigzag_1,
          infiniplex_forest_clump_large, infiniplex_forest_lined_4_way,
          infiniplex_forest_clump_curved, nrook_loot_triangle
D:2:      layout_basic
D:3:      layout_loops_cross, nicolae_elyvilon_peaceful_grove,
          wander_ebering_terrifying_dragon_lair, uniq_crazy_yiuf_cottage,
          uniq_robin
D:4:      layout_basic, grunt_temple_overflow_open, minmay_circle_x,
          uniq_menkaure, uniq_natasha
D:5:      kb_forest_paths, layout_basic, nicolae_vehumet_altar_sigil,
          minmay_temple_entry_enclosed_plants, kennysheep_generic_room_2,
          uniq_sigmund
D:6:      layout_loops_ring, minmay_between
D:7:      minmay_s_stair_smasher, layout_basic, overflow_temple_1_default,
          mainiacjoe_overflow_24_doors, gammafunk_ghost_smash,
          minmay_shop_grid_forest
D:8:      layout_cave_pods, mainiacjoe_overflow_paths, serial_park,
          serial_park_square3 [serial_park_minivault_5x5_1],
          serial_park_square2, serial_park_tiny_2, serial_park_square2,
          special_room [special_room_orc], nrook_uturn,
          chequers_serial_rivers_micro_c

Skill      XL: |  1  2  3  4  5  6  7  8  9 |
---------------+----------------------------+-----
Axes           | 3 4 5 7 8 |  8.8
Fighting       | 4 5 6 7 8 |  8.6
Armour         | 4 5 6 7 |  7.8
Shields        | 4 5 6 7 |  7.8
Slings         | 1 2 3 4 5 |  5.4

Action                   |  1- 3 |  4- 6 |  7- 9 | 10-12 || total
-------------------------+-------+-------+-------+-------++-------
Melee: War axe           |    92 |   135 |   380 |    20 ||   627
 Fire: Hunting sling     |       |    10 |     6 |       ||    16
Throw: Dart              |       |     2 |     1 |       ||     3
       Throwing net      |       |     2 |       |       ||     2
Invok: Convert to Beogh  |       |     1 |       |       ||     1
  Use: Scroll            |       |     8 |     2 |       ||    10
       Potion            |       |     2 |     1 |       ||     3
Armor: Scale mail        |    41 |    75 |   246 |    19 ||   381
Dodge: Dodged            |    33 |    50 |   181 |    13 ||   277
Block: Buckler           |    13 |    33 |   160 |     8 ||   214
